 Dungeon Crawl Stone Soup version 0.22-a0-388-g09e6169 (webtiles) character file.

123 Mgcat the Insei (level 5, -8/33 HPs)
             Began as an Octopode Transmuter on Apr 29, 2018.
             Mangled by Grinder (10 damage)
             ... while paralysed by Grinder
             ... on level 2 of the Dungeon.
             The game lasted 00:04:32 (1714 turns).

Mgcat the Insei (Octopode Transmuter)               Turns: 1714, Time: 00:04:33

Health: -8/33      AC:  1    Str:  9    XL:     5   Next: 7%
Magic:  16/17      EV:  2    Int: 17    God:
Gold:   69         SH:  0    Dex: 12    Spells: 2/8 levels left

rFire    . . .     SeeInvis .     - Unarmed
rCold    . . .     Gourm    .   (no shield)
rNeg     . . .     Faith    .   (helmet restricted)
rPois    .         Spirit   .   (no amulet)
rElec    .         Reflect  .   j - ring of magical power {MP+9}
rCorr    .         Harm     .   (no ring)
MR       .....                  (no ring)
Stlth    ++........             (no ring)
HPRegen  0.11/turn              (no ring)
MPRegen  0.15/turn              (no ring)
                                (no ring)
                                (no ring)

@: paralysed, appendage (expiring)
A: almost no armour, stealthy swim, amphibious, 8 rings, constrict 8, tentacle
spike 3, camouflage 1, gelatinous body 1
a: End Transformation


You were on level 2 of the Dungeon.
You were not hungry.
One of your tentacles had a temporary spike.
You visited 1 branch of the dungeon, and saw 3 of its levels.

You collected 69 gold pieces.

Inventory:

Missiles
 a - 40 arrows
Jewellery
 j - a ring of magical power (left tentacle) {MP+9}
   (You found it on level 1 of the Dungeon)
Wands
 n - a wand of acid (5)
   (You found it on level 2 of the Dungeon)
Scrolls
 f - a scroll of blinking {unknown}
 g - 7 scrolls of identify {unknown}
 h - a scroll of fear {unknown}
 k - 2 scrolls of remove curse {unknown}
 m - a scroll of fog {unknown}
Potions
 d - 3 potions of curing {unknown}
 e - a potion of lignification {unknown}
 i - a potion of degeneration {unknown}
 l - 2 potions of berserk rage {unknown}
 o - a potion of heal wounds {unknown}
Comestibles
 c - 4 rations


   Skills:
 - Level 1.0 Fighting
 - Level 2.0 Dodging
 + Level 4.3 Unarmed Combat
 - Level 2.0 Spellcasting
 + Level 3.6 Transmutations
 + Level 1.6 Poison Magic


You had 2 spell levels left.
You knew the following spells:

 Your Spells              Type           Power        Failure   Level  Hunger
a - Beastly Appendage     Tmut           ##....       4%          1    #......
b - Sticks to Snakes      Tmut           ##......     7%          2    ###....
c - Spider Form           Tmut/Pois      ##........   21%         3    ###....


Dungeon Overview and Level Annotations

Branches:
Dungeon (3/15)

Altars:

Annotations:
D:2 Grinder
D:3 Ijyb


Innate Abilities, Weirdness & Mutations

You cannot wear most types of armour.
You are very stealthy in the water. (Stealth+)
You are amphibious.
You can wear up to eight rings at the same time.
You can use your tentacles to constrict eight enemies at once.
Your skin changes colour to match your surroundings (Stealth+).
Your rubbery body absorbs attacks. (AC +1, EV +1)
One of your tentacles bears a large vicious spike.


Message History

Your grab misses the frilled lizard.
You kill the frilled lizard!
Your transformation is almost over.
Some of the chunks of flesh in your inventory have rotted away.
Your tentacle spike disappears.
You butcher the frilled lizard corpse.
b - 7 chunks of flesh {@w0} (gained 1)
You see here a frilled lizard skeleton. x2
You butcher the bat corpse.
b - 8 chunks of flesh {@w0} (gained 1)
You now have 69 gold pieces (gained 3).
There is an escape hatch in the floor here.
Some of the chunks of flesh in your inventory have rotted away.
A frilled lizard comes into view.
Casting: Beastly Appendage (safe; 4% risk of failure)
Confirm with . or Enter, or press ? or * to list all spells.
One of your tentacles grows a vicious spike.
The frilled lizard hisses angrily.
The frilled lizard closely misses you.
You tentacle-slap the frilled lizard.
You kill the frilled lizard!
No target in view!
No target in view!
Some of the chunks of flesh in your inventory have rotted away.
Your transformation is almost over.
Your tentacle spike disappears.
Some of the chunks of flesh in your inventory have rotted away.
Done exploring.
Done exploring.
Done exploring.
Done exploring.
Done exploring.
Done exploring.
Done exploring.
Done exploring.
(D) Dungeon
Where to? (Enter - D:1 @ (x,y), ? - help)
What level of the Dungeon? (default 1, ? - help) All of the chunks of flesh in your inventory have rotted away.
There is a stone staircase leading down here.
You climb downwards.
A rat, a goblin and a hobgoblin come into view.
There is a stone staircase leading up here.
Casting: Beastly Appendage (safe; 4% risk of failure)
Confirm with . or Enter, or press ? or * to list all spells.
One of your tentacles grows a vicious spike.
The goblin shouts!
The hobgoblin shouts!
The goblin wields a hunting sling.
The goblin shoots a stone.
The stone hits you.
Grinder comes into view.
Ijyb the Twisted Goblin comes into view.
Ijyb shouts!
Grinder shouts!
The goblin unwields an uncursed hunting sling.
The goblin hits you.
You tentacle-slap the rat.
You kill the rat!
The goblin closely misses you.
You barely miss the goblin. Your grab misses the goblin.
You pierce the goblin.
The goblin is heavily wounded.
The goblin closely misses you.
Grinder blinks!
The goblin wields an uncursed hunting sling.
The goblin shoots a stone.
The stone hits you. The hobgoblin misses you.
You see here a stone.
You tentacle-slap the hobgoblin. You grab the hobgoblin.
The hobgoblin is almost dead.
You constrict the hobgoblin.
You kill the hobgoblin!
The goblin shoots a stone.
The stone hits you.
There is a stone staircase leading up, spattered with blood here.
Things that are here:
a club; 2 stones; a hobgoblin corpse Grinder misses you.
You climb upwards.
There is a stone staircase leading down here.
Casting: Beastly Appendage (safe; 4% risk of failure)
Confirm with . or Enter, or press ? or * to list all spells.
You create a snake!
You now have 40 arrows.
Your transformation is almost over.
Grinder hits you!
Grinder blinks!
Grinder gestures at you. Pain shoots through your body!
* * * LOW HITPOINT WARNING * * *
Your ball python bites Grinder but does no damage.
Your ball python barely misses Grinder.
You tentacle-slap Grinder but do no damage.
Your grab misses Grinder. You squeeze Grinder, but do no damage.
Grinder misses you.
Your ball python bites Grinder.
Your ball python barely misses Grinder.
You closely miss Grinder. Your grab misses Grinder.
Grinder is lightly wounded.
Grinder gestures at you.
You suddenly lose the ability to move!
Your ball python bites Grinder but does no damage.
Your ball python misses Grinder.
Your ball python bites Grinder but does no damage.
Your ball python grabs Grinder.
Your ball python constricts Grinder.
Grinder hits you!
You die...

####..###..# #...รท........#
...##.###..#####............#
....#......#...............##
.....###...#.#####....#...##
.....#####...########.#####
...........###).....#.#
......####..##......#.#
.....## #..........#.# .>..##
#.....5@...#.# .....#
#..#..S..>.#.#
.....#####...........<#
...........#.........##
.....#..####.........#
.....##.# #.........#
.....##)## #.........#
.....##..###..######.#
.....###...#..# #.#


You could see Grinder and a friendly ball python.

Vanquished Creatures
  A hound skeleton (D:2)
  4 adders
  An ooze (D:2)
  2 worms (D:2)
  2 dart slugs (D:2)
  2 leopard geckos
  An orc (D:2)
  3 giant cockroaches
  5 goblins
  4 hobgoblins
  2 jackals (D:2)
  A ball python (D:2)
  7 bats
  10 frilled lizards
  10 kobolds
  8 rats
63 creatures vanquished.

Notes
Turn   | Place    | Note
-------+----------+-------------------------------------------
     0 | D:1      | Mgcat the Octopode Transmuter began the quest for the Orb.
     0 | D:1      | Reached XP level 1. HP: 13/13 MP: 3/3
    44 | D:1      | Reached XP level 2. HP: 14/18 MP: 3/5
    74 | D:1      | Learned a level 2 spell: Sticks to Snakes
   386 | D:1      | Reached XP level 3. HP: 23/23 MP: 3/6
   829 | D:1      | Reached skill level 3 in Transmutations
   968 | D:2      | Reached skill level 4 in Unarmed Combat
   968 | D:2      | Reached XP level 4. HP: 24/28 MP: 7/7
   973 | D:2      | Learned a level 3 spell: Spider Form
  1138 | D:2      | Reached skill level 1 in Poison Magic
  1411 | D:2      | Reached XP level 5. HP: 28/33 MP: 8/8
  1700 | D:3      | Noticed Grinder
  1700 | D:3      | Noticed Ijyb
  1711 | D:2      | HP: 2/33 [Grinder/nerve-wracking pain (10)]
  1713 | D:2      | Paralysed by Grinder for 3 turns
  1714 | D:2      | Mangled by Grinder

Vault maps used:
D:1:      eino_arrival_water_cross
D:3:      first_ration, serial_bayou_crossing, uniq_grinder, uniq_ijyb,
          uniq_jessica

Skill      XL: |  1  2  3  4 |
---------------+-------------+-----
Transmutations | 3 |  3.6
Unarmed Combat | 4 |  4.3
Poison Magic   | 1 |  1.6
Fighting       | |  1.0
Dodging        | |  2.0
Spellcasting   | |  2.0

Action                   |  1- 3 |  4- 6 || total
-------------------------+-------+-------++-------
Melee: Unarmed           |    81 |    49 ||   130
       Constrict         |    21 |    12 ||    33
       Kick              |    15 |     8 ||    23
       Tentacles         |     7 |     9 ||    16
       Punch             |     2 |     1 ||     3
 Cast: Beastly Appendage |    17 |    13 ||    30
       Sticks to Snakes  |       |     4 ||     4
 Stab: Sleeping          |     2 |     2 ||     4
       Distracted        |     1 |       ||     1
  Eat: Chunk             |       |     3 ||     3
Armor: Skin              |     6 |     3 ||     9
Dodge: Dodged            |    46 |    29 ||    75

Table legend:
 A = Spawn XP
 B = Non-spawn XP
 C = Spawn XP percentage of total XP
 D = Spawn monster count
 E = Non-spawn monster count
 F = Spawn count percentage of total count
 G = Total turns spent on level
                    A         B        C        D         E        F      G
               +---------+---------+-------+---------+---------+-------+---------
         Total |       0 |     176 |   0.0 |       0 |      63 |   0.0 |  1714
               +---------+---------+-------+---------+---------+-------+---------
           D:1 |       0 |      72 |   0.0 |       0 |      32 |   0.0 |   921
           D:2 |       0 |     101 |   0.0 |       0 |      29 |   0.0 |   782
           D:3 |       0 |       3 |   0.0 |       0 |       2 |   0.0 |    11
               +---------+---------+-------+---------+---------+-------+---------

Vault maps used:
D:1:      eino_arrival_water_cross
D:3:      first_ration, serial_bayou_crossing, uniq_grinder, uniq_ijyb,
          uniq_jessica

Table legend:
 A = Turns spent in this place as a percentage of turns spent in the entire game.
 B = Non-inter-level travel turns spent in this place as a percentage of non-inter-level travel turns spent in the entire game.
 C = Inter-level travel turns spent in this place as a percentage of turns spent in this place.
 D = Turns resting spent in this place as a percentage of non-inter-level travel turns spent in this place.
 E = Turns spent auto-exploring this place as a percentage of non-inter-level travel turns spent in this place.
 F = Non-inter-level travel turns spent in this place divided by the number of levels of this place that you've seen.
                   A       B       C       D       E      F
               +-------+-------+-------+-------+-------+----------------------
         Total | 100.0 | 100.0 |   4.6 |   3.1 |  72.3 | 545.3
       Dungeon | 100.0 | 100.0 |   4.6 |   3.1 |  72.3 | 545.3
               +-------+-------+-------+-------+-------+----------------------

Table legend:
 A = Kills in this place as a percentage of kills in entire the game.
 B = Kills by you in this place as a percentage of kills by you in the entire game.
 C = Kills by friends in this place as a percentage of kills by friends in the entire game.
 D = Other kills in this place as a percentage of other kills in the entire game.
 E = Experience gained in this place as a percentage of experience gained in the entire game.
 F = Experience gained in this place divided by the number of levels of this place that you have seen.
                   A       B       C       D       E      F
               +-------+-------+-------+-------+-------+----------------------
         Total | 100.0 | 100.0 |   N/A |   N/A | 100.0 |  58.7
       Dungeon | 100.0 | 100.0 |   N/A |   N/A | 100.0 |  58.7
               +-------+-------+-------+-------+-------+----------------------
